 Dungeon Crawl Stone Soup version 0.22.1-1-ga44c0e56f4 (webtiles) character file.

441 Anathary the Covert (level 7, -10/45 HPs)
             Began as an Octopode Assassin on Sept 20, 2018.
             Mangled by an ogre
             ... wielding a +0 giant club
              (17 damage)
             ... on level 4 of the Dungeon.
             The game lasted 00:24:16 (4218 turns).

Anathary the Covert (Octopode Assassin)             Turns: 4218, Time: 00:24:16

Health: -10/45     AC:  1    Str: 10    XL:     7   Next: 2%
Magic:  7/7        EV: 13    Int: 14    God:
Gold:   195        SH:  0    Dex: 15    Spells: 6/6 levels left

rFire    . . .     SeeInvis .   b - +0 blowgun
rCold    . . .     Gourm    .   (no shield)
rNeg     . . .     Faith    .   (helmet restricted)
rPois    .         Spirit   .   (no amulet)
rElec    .         Reflect  .   (no ring)
rCorr    .         Harm     .   (no ring)
MR       .....                  (no ring)
Stlth    +++++.....             (no ring)
HPRegen  0.15/turn              (no ring)
MPRegen  0.10/turn              (no ring)
                                (no ring)
                                (no ring)

@: no status effects
A: almost no armour, stealthy swim, amphibious, 8 rings, constrict 8, camouflage
1, gelatinous body 1
a: no special abilities


You were on level 4 of the Dungeon.
You were not hungry.

You visited 1 branch of the dungeon, and saw 5 of its levels.
You also visited: Sewer.

You collected 195 gold pieces.

Inventory:

Hand Weapons
 a - a +2 dagger
 b - a +0 blowgun (weapon)
 w - a +0 rapier
Missiles
 c - 23 poisoned needles (quivered)
 d - 2 curare-tipped needles
Wands
 o - a wand of flame (24)
 y - a wand of disintegration (8)
Scrolls
 g - 5 scrolls of identify
 h - a scroll of enchant armour {unknown}
 j - a scroll of immolation {unknown}
 l - 5 scrolls of teleportation {unknown}
 m - a scroll of fear
 s - a scroll of blinking
 t - a scroll of remove curse
 u - a scroll of enchant weapon {unknown}
Potions
 e - 5 potions of curing
 i - a potion of degeneration {unknown}
 k - a potion of flight {unknown}
 n - 2 potions of brilliance {unknown}
 p - a potion of heal wounds {unknown}
 q - 2 potions of might {unknown}
 r - a potion of haste {unknown}
 v - 3 potions of resistance {unknown}
 x - a potion of cancellation {unknown}
 z - a potion of agility {unknown}
 A - a potion of magic {unknown}
Comestibles
 f - 2 rations


   Skills:
 + Level 2.5 Fighting
 + Level 3.5 Short Blades
 - Level 2.0 Throwing
 + Level 1.4 Dodging
 + Level 10.0 Stealth


You had 6 spell levels left.
You didn't know any spells.
Your spell library was empty.

Dungeon Overview and Level Annotations

Branches:
Dungeon (5/15)
 Temple: D:4-7

Altars:
Ashenzari
Xom

Annotations:
D:3 2 transporters


Innate Abilities, Weirdness & Mutations

You cannot wear most types of armour.
You are very stealthy in the water. (Stealth+)
You are amphibious.
You can wear up to eight rings at the same time.
You can use your tentacles to constrict eight enemies at once.
Your skin changes colour to match your surroundings (Stealth+).
Your rubbery body absorbs attacks. (AC +1, EV +1)


Message History

Aim: an ogre, wielding a giant club You shoot a poisoned needle.
The poisoned needle barely misses the ogre.
Firing (i - inventory. (/) - cycle)
c - 24 poisoned needles (quivered)
Press: ? - help, Shift-Dir - straight line, f/p - ogre
Aim: an ogre, wielding a giant club You shoot a poisoned needle.
The poisoned needle hits the ogre.
The ogre is poisoned.
The ogre looks more healthy.
The ogre hits you with a giant club! The ogre hits you with a giant club!!
Ouch! That really hurt!
* * * LOW HITPOINT WARNING * * *
There is a stone staircase leading down here.
There is a stone staircase leading up here.
The ogre barely misses you.
You climb upwards.
There is a stone staircase leading down here.
The ogre hits you with a giant club!
You die...

#....#########.###....##.#.)....#
####...##### #.# ###..##.......##
######.....###.#####.###..#...###
.................................
###########.....########........#
# ##...##..# #.....#..### #
##..####..## #...#....#
####..#####...#####.##.....###
#....####...#@##....##.......# ##
#.........###.O#....#.[....#..
.###..###..######>..........^.##.
.....## #..........#.#.#####...##
#..#.# ##.######..[....# #.#.##
.....###..####........######.#...
##...............#.............##
##..........^.#####.............
##.....#....## ###.............


You could see an ogre.

Vanquished Creatures
  A scorpion (D:4)
  A hound (D:4)
  A bullfrog skeleton (D:5)
  A centaur skeleton (D:4)
  An iguana (D:3)
  Terence (D:2)
  10 adders
  A shadow imp (D:5)
  3 oozes
  4 worms
  2 dart slugs
  3 leopard geckos
  12 orcs
  10 giant cockroaches
  7 goblins
  11 jackals
  12 kobolds
  2 quokkas (D:3)
  2 ball pythons (Sewer)
  8 bats
  12 frilled lizards
  22 rats
  2 plants (Sewer)
129 creatures vanquished.

Notes
Turn   | Place    | Note
-------+----------+-------------------------------------------
     0 | D:1      | Anathary the Octopode Assassin began the quest for the Orb.
     0 | D:1      | Reached XP level 1. HP: 14/14 MP: 1/1
    41 | D:1      | Reached XP level 2. HP: 19/19 MP: 2/2
    72 | D:1      | Reached skill level 6 in Stealth
   371 | D:1      | Reached XP level 3. HP: 23/24 MP: 3/3
   532 | D:1      | Reached skill level 7 in Stealth
   821 | D:2      | Found a shattered altar of Ashenzari.
   849 | D:2      | Reached XP level 4. HP: 24/29 MP: 4/4
  1084 | D:2      | Noticed Terence
  1421 | D:2      | Killed Terence
  1421 | D:2      | Reached skill level 8 in Stealth
  1421 | D:2      | Reached XP level 5. HP: 34/34 MP: 5/5
  2025 | D:3      | Found a transporter.
  2171 | D:3      | Reached skill level 9 in Stealth
  2176 | D:3      | Found a glowing drain.
  2183 | Sewer    | Entered a sewer
  2261 | Sewer    | Reached XP level 6. HP: 38/41 MP: 6/6
  2896 | D:3      | Found a transporter.
  3814 | D:4      | Found a shimmering altar of Xom.
  3816 | D:4      | Found a shimmering altar of Xom.
  3817 | D:4      | Found a shimmering altar of Xom.
  3818 | D:4      | Found a shimmering altar of Xom.
  3825 | D:4      | Found a shimmering altar of Xom.
  4119 | D:5      | Entered Level 5 of the Dungeon
  4145 | D:5      | Reached skill level 10 in Stealth
  4145 | D:5      | Reached XP level 7. HP: 39/45 MP: 7/7
  4218 | D:4      | Mangled by an ogre

Skill      XL: |  1  2  3  4  5  6 |
---------------+-------------------+-----
Stealth        | 6 7 8 9 10 | 10.0
Short Blades   | 3 |  3.5
Fighting       | |  2.5
Throwing       | |  2.0
Dodging        | |  1.4

Action                   |  1- 3 |  4- 6 |  7- 9 || total
-------------------------+-------+-------+-------++-------
Melee: Dagger            |    59 |   192 |       ||   251
       Constrict         |    11 |    44 |       ||    55
       Tentacles         |     5 |    48 |       ||    53
       Rapier            |       |    34 |     1 ||    35
 Fire: Blowgun           |       |       |     3 ||     3
  Use: Scroll            |       |     6 |       ||     6
 Stab: Sleeping          |    20 |    28 |     1 ||    49
       Distracted        |     1 |     2 |       ||     3
  Eat: Ration            |       |     3 |       ||     3
Armor: Skin              |     6 |     6 |       ||    12
Dodge: Dodged            |    23 |    87 |     1 ||   111
